 Dungeon Crawl Stone Soup version 0.25.1-2-g60ff931df9 (webtiles) character file.

Game seed: 17613544908060426532

67394 Amplified the Warrior (level 15, -8/140 HPs)
             Began as a Barachi Berserker on Oct 4, 2020.
             Was a High Priest of Trog.
             Mangled by an orc warrior
             ... wielding a +0 scimitar
              (23 damage)
             ... on level 2 of the Orcish Mines.
             The game lasted 00:32:09 (23787 turns).

Amplified the Warrior (Barachi Berserker)          Turns: 23787, Time: 00:32:09

Health: -8/140     AC: 20    Str: 23    XL:     15   Next: 23%
Magic:  15/15      EV: 19    Int:  9    God:    Trog [*****.]
Gold:   1617       SH:  5    Dex: 16    Spells: 14/14 levels left

rFire    + . .     SeeInvis +   N - +9 scimitar "Rogafio" {flame, rN+}
rCold    + + +     Gourm    .   (no shield)
rNeg     + + .     Faith    .   B - +2 ring mail of the Orcish Mines {rPois rN+ Dex+2}
rPois    +         Spirit   .   J - +1 hat {SInv}
rElec    .         Reflect  +   L - +0 cloak {rC+}
rCorr    .         Harm     .   I - +2 pair of gloves "Yzuesino" {Dex+4}
MR       +....                  G - +2 pair of boots
Stlth    ..........             M - amulet of reflection
HPRegen  0.33/turn              r - ring of protection from cold
MPRegen  0.14/turn              y - ring of protection from cold

@: silence (expiring), slow
A: +LOS, swims, rugged brown scales 1, clumsy 1, fire resistance 1, slowness 1,
strong legs 2
a: Hop, Renounce Religion


You were on level 2 of the Orcish Mines.
You worshipped Trog.
Trog was extremely pleased with you.
You were hungry.

You visited 3 branches of the dungeon, and saw 19 of its levels.
You also visited: Ice Cave and Volcano.

You collected 1786 gold pieces.
You spent 169 gold pieces at shops.

Inventory:

Hand Weapons
 o - a +3 eveningstar of electrocution
 N - the +9 scimitar "Rogafio" (weapon) {flame, rN+}
   (You found it on level 6 of the Lair of Beasts)

   It has been specially enchanted to burn those struck by it, causing extra
   injury to most foes and up to half again as much damage against particularly
   susceptible opponents.
   Big, fiery blades are also staple armaments of hydra-hunters.
   It protects you from negative energy.
Missiles
 x - 36 poisoned darts (quivered)
Armour
 v - a +0 buckler
 B - the +2 ring mail of the Orcish Mines (worn) {rPois rN+ Dex+2}
   (You found it on level 8 of the Dungeon)

   It affects your dexterity (+2).
   It protects you from poison.
   It protects you from negative energy.
 G - a +2 pair of boots (worn)
 I - the +2 pair of gloves "Yzuesino" (worn) {Dex+4}
   (You found it in a volcano)

   It affects your dexterity (+4).
 J - a +1 hat of see invisible (worn)
 L - a +0 cloak of cold resistance (worn)
Jewellery
 b - an uncursed ring of ice
 d - an uncursed amulet of guardian spirit {unknown}
 r - a ring of protection from cold (left hand)
 y - a ring of protection from cold (right hand)
 M - an amulet of reflection (around neck)
Wands
 e - a wand of disintegration (15)
 s - a wand of enslavement (11)
 z - a wand of digging (1)
 C - a wand of random effects (15)
 D - a wand of iceblast (9)
 E - a wand of flame (49)
 F - a wand of paralysis (5)
Scrolls
 i - 4 scrolls of blinking
 j - 3 scrolls of teleportation
 m - a scroll of fear
 t - 2 scrolls of fog
 u - a scroll of holy word
 A - 4 scrolls of remove curse
Potions
 a - 7 potions of curing
 h - a potion of lignification
 l - 3 potions of flight
 n - 2 potions of berserk rage
 p - 4 potions of brilliance
 q - 3 potions of stabbing
 w - a potion of heal wounds
 H - 2 potions of mutation
Comestibles
 c - 21 rations
 f - 2 chunks of flesh


   Skills:
 * Level 18.1 Fighting
 - Level 14.0 Long Blades
 - Level 11.9 Maces & Flails
 * Level 12.0 Armour
 * Level 11.2 Dodging


You had 14 spell levels left.
You didn't know any spells.
Your spell library contained the following spells:

 Spells                   Type           Power        Failure   Level  Hunger
 Beastly Appendage        Tmut           #.....       50%         1    ##.....
 Magic Dart               Conj           #...         50%         1    ##.....
 Blink                    Tloc           N/A          65%         2    ###....
 Call Imp                 Summ           #.......     65%         2    ###....
 Slow                     Hex            #.......     65%         2    ###....
 Sticks to Snakes         Tmut           #.......     65%         2    ###....
 Conjure Flame            Conj/Fire      #.......     86%         3    ####...
 Mephitic Cloud           Conj/Pois/Air  #.......     86%         3    ####...
 Recall                   Summ/Tloc      N/A          86%         3    ####...
 Spider Form              Tmut/Pois      #.........   86%         3    ####...
 Animate Dead             Necr           N/A          99%         4    #####..
 Ice Form                 Ice/Tmut       #.......     99%         4    #####..
 Blade Hands              Tmut           #.........   100%        5    ######.
 Borgnjor's Vile Clutch   Necr/Erth      #.........   100%        5    ######.
 Death Channel            Necr           #.........   100%        6    #######
 Simulacrum               Ice/Necr       #.........   100%        6    #######


Dungeon Overview and Level Annotations

Branches:
Dungeon (11/15)            Temple (0/1) D:6            Lair (6/6) D:8
  Swamp (0/4) Lair:3       Spider (0/4) Lair:3        Slime (0/5) Lair:5
    Orc (2/2) D:9             Elf (0/3) Orc:2         IceCv (visited)
Volcano (visited)

Altars:
Okawaru
Qazlal
Trog
Vehumet
Wu Jian
Xom
Beogh

Shops:
D:5 !

Annotations:
Lair:1 exclusion: 2 oklob plants
Lair:5 exclusion: oklob plant


Innate Abilities, Weirdness & Mutations

You can be seen from farther away. (+LOS)
You can swim through water.
You cover ground slowly.
You can hop long distances.
You are partially covered in rugged brown scales. (AC +1, +3% HP)
You are clumsy. (Dex -2)
Your flesh is heat resistant. (rF+)


Message History

The orc sorcerer casts a spell at you. The bolt of negative energy misses you.
You hit the orc sorcerer. You burn the orc sorcerer.
The orc sorcerer is almost dead.
The orc wizard points at you and mumbles some strange words.
The magic dart hits you but does no damage.
The hellwing hits you but does no damage. x2
The orc knight completely misses you.
Unknown command.
You slash the orc sorcerer! You burn the orc sorcerer.
You kill the orc sorcerer!
Trog accepts your kill.
Trog appreciates your killing of a magic user.
The hellwing disappears in a puff of smoke!
The orc wizard misses you.
The orc priest invokes the aid of Beogh against you.
Beogh smites you!
* * * LOW HITPOINT WARNING * * *
The orc warrior hits you with a +0 scimitar!!
You die...

##...... ##..... ...÷o... ###...
##...÷... #.... ##.÷.÷.. #....
#..... ##.... ##)o.# #.....
.......#.)o# ####.....
........#..o## ###........
.........#.oo@### ..........
..........##.)o§.#####.........
............##..))..............
.............##...).............
...............###...............
.................##).)..).)......
.........................).......
.........................)..)....
............................(.(..


You could see 2 orc knights, an orc warrior (strong), an orc priest (strong) and
2 orc wizards.

Vanquished Creatures
  Gastronok (Lair:1)
  A frost giant (IceCv)
  An orc warlord (Orc:2)
  A dire elephant (Lair:6)
  A fire dragon (Volcano)
  Fannar (Lair:3)
  2 hydras
  A catoblepas (Lair:6)
  A deep troll shaman (Lair:6)
  3 orc high priests (Orc:2)
  11 death yaks
  Urug (Lair:1)
  An unseen horror (D:9)
  4 orc knights (Orc:2)
  An orb spider (Lair:3)
  An oklob plant (Lair:6)
  4 orc sorcerers (Orc:2)
  15 elephants
  3 salamanders (Volcano)
  4 black mambas
  An ice statue (IceCv)
  13 spiny frogs
  Psyche (D:9)
  2 rime drakes (Lair:4)
  4 komodo dragons
  2 trolls
  16 polar bears
  17 blink frogs
  4 hippogriffs
  A vampire (D:10)
  A human (D:8)
  7 wyverns
  3 steam dragons (Volcano)
  47 yaks
  9 fire bats (Volcano)
  3 hogs (D:8)
  A basilisk (Lair:5)
  9 water moccasins
  3 wargs
  8 porcupines
  2 sky beasts
  17 orc warriors
  11 ice beasts
  6 ogres
  A phantom (D:4)
  A necrophage (D:7)
  2 black bears
  3 centaurs
  35 wolves
  17 crocodiles
  3 big kobolds
  A gnoll sergeant (D:7)
  14 bullfrogs
  2 scorpions
  9 killer bees
  3 electric eels
  7 crimson imps
  A centaur zombie (D:8)
  A bullfrog zombie (D:8)
  2 centaur skeletons
  4 hounds
  12 orc priests
  3 jellies
  19 orc wizards
  Natasha (thrice) (D:3)
  2 iguanas (D:5)
  5 hell rats (Lair:6)
  9 worker ants
  A hound zombie (D:8)
  2 worker ant zombies (D:6)
  22 gnolls
  12 adders
  2 shadow imps
  An ooze (D:1)
  An adder skeleton (D:8)
  2 adder zombies (D:7)
  5 worms
  2 dart slugs
  7 leopard geckos
  59 orcs
  7 bats
  3 giant cockroaches
  5 hobgoblins
  17 jackals
  20 kobolds
  5 quokkas
  A ball python (D:1)
  4 frilled lizards
  10 goblins
  A leopard gecko skeleton (D:5)
  2 leopard gecko zombies (D:7)
  A quokka skeleton (D:6)
  3 rats
  A bush (Lair:6)
  A fungus (Lair:4)
602 creatures vanquished.

Vanquished Creatures (collateral kills)
  A warg (Orc:2)
  2 orc wizards (Orc:2)
3 creatures vanquished.

Vanquished Creatures (others)
  An orc priest (Orc:2)
  2 orcs
  A bush (Lair:5)
  10 fungi
  10 plants
24 creatures vanquished.

Grand Total: 629 creatures vanquished

Notes
Turn   | Place    | Note
-------+----------+-------------------------------------------
     0 | D:1      | Amplified the Barachi Berserker began the quest for the
                  | Orb.
     0 | D:1      | Reached XP level 1. HP: 18/18 MP: 1/1
   175 | D:1      | Reached XP level 2. HP: 25/25 MP: 2/2
   279 | D:1      | Reached skill level 4 in Fighting
   599 | D:1      | Reached XP level 3. HP: 27/30 MP: 3/3
  1092 | D:2      | Reached ** piety under Trog
  1339 | D:2      | Reached XP level 4. HP: 36/38 MP: 4/4
  1434 | D:2      | Noticed a necrophage
  1999 | D:3      | Reached XP level 5. HP: 27/43 MP: 5/5
  2165 | D:3      | Reached skill level 5 in Long Blades
  2277 | D:3      | Reached skill level 5 in Fighting
  2539 | D:3      | Reached *** piety under Trog
  2550 | D:3      | Noticed Natasha
  2560 | D:3      | Killed Natasha
  2697 | D:3      | Noticed Natasha
  2702 | D:3      | Killed Natasha
  2702 | D:3      | Reached XP level 6. HP: 51/51 MP: 6/6
  2738 | D:3      | Noticed Natasha
  2746 | D:3      | Killed Natasha
  2952 | D:4      | Noticed a phantom
  2986 | D:4      | Killed a phantom
  2986 | D:4      | Reached skill level 6 in Fighting
  2986 | D:4      | Reached XP level 7. HP: 53/58 MP: 7/7
  4199 | D:5      | Entered Level 5 of the Dungeon
  4230 | D:4      | Reached skill level 7 in Fighting
  4230 | D:4      | Reached XP level 8. HP: 42/67 MP: 8/8
  4758 | D:5      | Reached **** piety under Trog
  4867 | D:5      | Reached skill level 5 in Armour
  5217 | D:5      | Reached skill level 8 in Fighting
  5274 | D:5      | Reached skill level 5 in Dodging
  5398 | D:5      | Found Piotuoda's Distillery.
  5406 | D:5      | Bought a potion of heal wounds for 65 gold pieces
  5406 | D:5      | Bought a potion of heal wounds for 65 gold pieces
  5406 | D:5      | Bought a potion of curing for 39 gold pieces
  5688 | D:6      | Reached XP level 9. HP: 72/75 MP: 9/9
  5881 | D:6      | Found an ornate altar of the Wu Jian Council.
  5915 | D:6      | Found a staircase to the Ecumenical Temple.
  6412 | D:7      | Reached ***** piety under Trog
  6426 | D:7      | Reached skill level 9 in Fighting
  6780 | D:7      | Found a radiant altar of Vehumet.
  7663 | D:8      | Reached skill level 10 in Fighting
  7663 | D:8      | Reached skill level 10 in Long Blades
  7863 | D:8      | Reached XP level 10. HP: 71/84 MP: 10/10
  8052 | D:8      | Found a staircase to the Lair.
  8107 | D:8      | Got a heavily runed ring mail
  8108 | D:8      | Identified the +2 ring mail of the Orcish Mines {rPois rN+
                  | Dex+2} (You found it on level 8 of the Dungeon)
  8721 | D:9      | Found a staircase to the Orcish Mines.
  8727 | D:9      | Found an iron altar of Okawaru.
  8761 | D:9      | Noticed Psyche
  8770 | D:9      | Killed Psyche
  8981 | D:9      | Found a stormy altar of Qazlal.
  8981 | D:9      | Found a shimmering altar of Xom.
  8995 | D:9      | Reached skill level 11 in Fighting
  9565 | D:10     | Entered Level 10 of the Dungeon
  9799 | D:10     | Found a bloodstained altar of Trog.
  9847 | D:10     | Received a gift from Trog
 10374 | D:10     | Reached XP level 11. HP: 85/94 MP: 11/11
 10586 | D:11     | Noticed a brown ugly thing
 10812 | D:9      | Killed an unseen horror
 11016 | Lair:1   | Entered Level 1 of the Lair of Beasts
 11016 | Lair:1   | Noticed Gastronok
 11033 | Lair:1   | Killed Gastronok
 11033 | Lair:1   | Reached skill level 12 in Fighting
 11232 | Lair:1   | Found a frozen archway.
 11263 | Lair:1   | Reached skill level 13 in Fighting
 11424 | IceCv    | Entered an ice cave
 11457 | IceCv    | Reached XP level 12. HP: 83/104 MP: 12/12
 11665 | IceCv    | Received a gift from Trog
 11742 | IceCv    | Noticed a frost giant
 11777 | IceCv    | Killed a frost giant
 11848 | IceCv    | Reached skill level 14 in Fighting
 12736 | Lair:1   | Reached skill level 10 in Armour
 13042 | Lair:1   | Reached skill level 15 in Fighting
 13365 | Lair:1   | Noticed Urug
 13374 | Lair:1   | Killed Urug
 13646 | Lair:2   | Reached skill level 1 in Maces & Flails
 13646 | Lair:2   | Gained mutation: You can hop long distances. [Barachi
                  | growth]
 13646 | Lair:2   | Reached XP level 13. HP: 78/115 MP: 13/13
 14027 | Lair:2   | Found a dark tunnel.
 14056 | Volcano  | Entered a volcano
 14191 | Volcano  | Reached skill level 5 in Maces & Flails
 14813 | Volcano  | Noticed a fire dragon
 15400 | Volcano  | Gained mutation: You are clumsy. (Dex -2) [potion of
                  | mutation]
 15400 | Volcano  | Gained mutation: Your flesh is heat resistant. (rF+)
                  | [potion of mutation]
 15400 | Volcano  | Gained mutation: You are partially covered in rugged brown
                  | scales. (AC +1, +3% HP) [potion of mutation]
 15421 | Volcano  | Killed a fire dragon
 15445 | Volcano  | Got a pair of translucent gloves
 15451 | Volcano  | Identified the +2 pair of gloves "Yzuesino" {Dex+4} (You
                  | found it in a volcano)
 16543 | Lair:3   | Found a staircase to the Swamp.
 16578 | Lair:3   | Reached skill level 16 in Fighting
 17123 | Lair:3   | Found a hole to the Spider Nest.
 17621 | Lair:3   | Noticed Fannar
 17645 | Lair:3   | Killed Fannar
 18170 | Lair:4   | Received a gift from Trog
 19205 | Lair:5   | Reached XP level 14. HP: 71/129 MP: 14/14
 19254 | Lair:5   | Reached skill level 10 in Maces & Flails
 20002 | Lair:5   | Reached skill level 17 in Fighting
 20170 | Lair:5   | Found a staircase to the Slime Pits.
 20432 | Lair:5   | Identified the +3 flail of the World {freeze, Str+3 Dex+4}
                  | (You found it on level 5 of the Lair of Beasts)
 20445 | Lair:6   | Entered Level 6 of the Lair of Beasts
 20930 | Lair:6   | Received a gift from Trog
 21426 | Lair:6   | Got a bone scimitar
 21433 | Lair:6   | Identified the +9 scimitar "Rogafio" {flame, rN+} (You
                  | found it on level 6 of the Lair of Beasts)
 21730 | Lair:6   | Reached skill level 10 in Dodging
 22232 | Lair:6   | Noticed a dire elephant
 22533 | Lair:6   | Killed a dire elephant
 22876 | Orc:1    | Entered Level 1 of the Orcish Mines
 23085 | Orc:2    | Entered Level 2 of the Orcish Mines
 23085 | Orc:2    | Found a roughly hewn altar of Beogh.
 23249 | Orc:2    | Noticed an orc warlord
 23274 | Orc:2    | Killed an orc warlord
 23274 | Orc:2    | Reached XP level 15. HP: 121/140 MP: 15/15
 23641 | Orc:2    | Reached skill level 18 in Fighting
 23660 | Orc:2    | Found a staircase to the Elven Halls.
 23782 | Orc:2    | Paralysed by an orc sorcerer for 2 turns
 23787 | Orc:2    | Mangled by an orc warrior

Illustrated notes

Levels and vault maps discovered:
D:1:      lightli_arrival_noodles, layout_basic
D:2:      layout_loops_ring, lightli_corner_chamber
D:3:      layout_rooms, first_ration, minmay_box_of_dots, uniq_natasha
D:4:      layout_gridville
D:5:      wander_river, layout_gridville, serial_shops, shop
D:6:      layout_rooms, lemuel_round_altar, minmay_temple_entry_statues_pillars
D:7:      layout_basic, fiery_altar_vehumet
D:8:      layout_rooms, lair_entry_dummy, grunt_livestock, minmay_circle_x
D:9:      layout_rooms, chequers_temple_overflow_statue_of_worship, orc_0_dummy,
          basic_altar, kennysheep_generic_room_2, uniq_psyche
D:10:     layout_basic, basic_altar
D:11:     layout_basic, serial_rivers, chequers_serial_rivers_micro_d,
          chequers_serial_rivers_micro_e, chequers_serial_rivers_micro_d,
          chequers_serial_rivers_small_3, jiyva_altar_1
Lair:1:   layout_regular_city, portal_ice_cave_entry_ice_beasts,
          infiniplex_staircase_pool, minmay_lair_oklob_chamber,
          grunt_megastairs_1, uniq_urug, uniq_gastronok
Lair:2:   layout_chaotic_city, nicolae_volcano_entry_lava_flow
Lair:3:   layout_regular_city, swamp_mist, nicolae_spider_entry_orb_guardian,
          uniq_fannar
Lair:4:   layout_layer_cave, minivault_19, nicolae_lair_grove_arrangements,
          infiniplex_staircase_pool_2
Lair:5:   layout_regular_city, minmay_slime_entry_oklob_open,
          grunt_megastairs_2, serial_bayou_shore_b
Lair:6:   grunt_lair_end_beastmaster, layout_cave_pods, serial_bayou_pond_b,
          minmay_lair_oklob_items
Orc:1:    layout_diamond_mine, uniq_erolcha
Orc:2:    grunt_orc_tribal_feast, layout_caves, basic_altar,
          nicolae_orc_crystal_geode

Skill      XL: |  1  2  3  4  5  6  7  8  9 10 11 12 13 14 15 |
---------------+----------------------------------------------+-----
Long Blades    | 4 5 6 7 8 10 11 14 | 14.0
Fighting       | 4 5 6 7 8 10 11 13 15 16 17 18 | 18.1
Armour         | 3 4 5 7 8 10 11 12 | 12.0
Dodging        | 3 4 5 6 7 9 10 11 | 11.2
Maces & Flails | 1 9 11 | 11.9

Action                   |  1- 3 |  4- 6 |  7- 9 | 10-12 | 13-15 || total
-------------------------+-------+-------+-------+-------+-------++-------
Melee: Falchion          |    94 |   187 |   500 |   772 |       ||  1553
       Eveningstar       |       |       |       |    13 |   786 ||   799
       Scimitar          |       |       |       |       |   258 ||   258
Throw: Throwing net      |       |     2 |     1 |       |     2 ||     5
Invok: Berserk           |     2 |     7 |    12 |     8 |    12 ||    41
       Trog's Hand       |       |       |       |     9 |    16 ||    25
       Brothers in Arms  |       |       |       |       |     1 ||     1
 Abil: Hop               |       |       |       |       |     1 ||     1
Evoke: Wand              |       |       |     1 |     7 |     3 ||    11
  Use: Scroll            |     2 |       |     5 |    15 |    18 ||    40
       Potion            |       |       |       |     4 |    17 ||    21
 Stab: Held in net/web   |       |     1 |       |       |     3 ||     4
  Eat: Chunk             |     4 |    13 |    26 |    16 |    34 ||    93
       Ration            |       |       |     1 |     5 |     5 ||    11
Armor: Animal skin       |     3 |       |       |       |       ||     3
       Ring mail         |    28 |    65 |   144 |   207 |   485 ||   929
Dodge: Dodged            |    49 |   116 |   313 |   516 |  1056 ||  2050
Block: Other             |       |       |       |       |    50 ||    50
       Reflection        |       |       |       |       |     1 ||     1
       Rpst.: Falchion   |    11 |    41 |    80 |   131 |       ||   263
       Scimitar          |       |       |       |       |    48 ||    48
